 Dungeon Crawl Stone Soup version 0.22-a0-433-gd2a9cce (webtiles) character file.

9 Mgcat the Chopper (level 2, 0/39 HPs)
             Began as a Hill Orc Berserker on May 28, 2018.
             Was a Follower of Trog.
             Killed from afar by Ijyb (12 damage)
             ... with a wand of flame (21)
             ... on level 4 of the Dungeon.
             The game lasted 00:00:40 (182 turns).

Mgcat the Chopper (Hill Orc Berserker)               Turns: 182, Time: 00:00:40

Health: 0/39       AC:  2    Str: 24    XL:     2   Next: 16%
Magic:  2/2        EV: 12    Int:  7    God:    Trog [*.....]
Gold:   0          SH:  0    Dex: 10    Spells: 1/1 levels left

rFire    . . .     SeeInvis .   a - +0 hand axe
rCold    . . .     Gourm    .   (no shield)
rNeg     . . .     Faith    .   b - +0 animal skin
rPois    .         Spirit   .   (no helmet)
rElec    .         Reflect  .   (no cloak)
rCorr    .         Harm     .   (no gloves)
MR       .....                  (no boots)
Stlth    ..........             (no amulet)
HPRegen  0.13/turn              (no ring)
MPRegen  0.08/turn              (no ring)

@: berserking, very quick
A: no striking features
a: Berserk, Renounce Religion


You were on level 4 of the Dungeon.
You worshipped Trog.
Trog was aware of your devotion.
You were not hungry.

You visited 1 branch of the dungeon, and saw 4 of its levels.

Inventory:

Hand Weapons
 a - a +0 hand axe (weapon)
Armour
 b - a +0 animal skin (worn)
Scrolls
 d - 2 scrolls of identify {unknown}
 e - a scroll of enchant armour {unknown}
Comestibles
 c - 2 rations
 f - a chunk of flesh {@w0}


   Skills:
 - Level 3.6 Fighting
 + Level 4.8 Axes
 - Level 2.1 Armour
 - Level 1.5 Dodging


You had one spell level left.
You didn't know any spells.
Your spell library was empty.

Dungeon Overview and Level Annotations

Branches:
Dungeon (4/15)
 Temple: D:4-7

Altars:

Annotations:
D:4 Ijyb


Message History

The hobgoblin closely misses you.
You hit the hobgoblin but do no damage.
The hobgoblin is severely wounded.
The hobgoblin hits you.
You barely miss the hobgoblin.
The hobgoblin is severely wounded.
The hobgoblin barely misses you.
You hit the hobgoblin but do no damage.
The hobgoblin is severely wounded.
The hobgoblin closely misses you.
You hit the hobgoblin.
You kill the hobgoblin!
Trog accepts your kill.
No target in view!
No target in view!
Found a stone staircase leading down.
A kobold comes into view.
Unknown command.
The kobold shouts!
You hit the kobold but do no damage. The kobold misses you.
You slash the kobold!
You kill the kobold!
Trog accepts your kill.
No target in view!
No target in view!
You see here a stone.
There is a stone staircase leading down here.
You climb downwards.
An orc comes into view. It is wielding a flail.
There is a stone staircase leading up here.
You hit the orc.
The orc is lightly wounded.
The orc barely misses you.
You barely miss the orc.
The orc is lightly wounded.
The orc barely misses you.
You hit the orc.
The orc is heavily wounded.
The orc barely misses you.
You hit the orc.
The orc is almost dead.
The orc hits you with a flail.
You slash the orc!
You kill the orc!
Trog accepts your kill.
You have reached level 2!
You see here a flail.
Found a stone staircase leading down.
Unknown command.
e - a scroll labeled OKIVVADULO A giant cockroach comes into view.
There is a stone staircase leading down here.
You hit the giant cockroach.
The giant cockroach is severely wounded.
The giant cockroach bites you.
The giant cockroach bites you but does no damage.
You hit the giant cockroach.
You kill the giant cockroach!
Trog accepts your kill.
There is a stone staircase leading down here.
You climb downwards.
There is a stone staircase leading up here.
d - 2 scrolls labeled EHOAXU LEIDITE (gained 1)
A leopard gecko skeleton comes into view.
The leopard gecko skeleton moves out of view.
Unknown command.
The leopard gecko skeleton is too close now for your liking.
You hit the leopard gecko skeleton.
The leopard gecko skeleton is almost destroyed.
The leopard gecko skeleton bites you.
You hit the leopard gecko skeleton.
You destroy the leopard gecko skeleton!
Trog accepts your kill.
No target in view!
No target in view!
Marking area around Ijyb as unsafe for travelling.
Ijyb the Twisted Goblin comes into view.
Unknown command.
Unknown command.
You start resting.
Ijyb is too close now for your liking.
A red film seems to cover your vision as you go berserk!
You feel yourself moving faster!
You feel mighty!
You feel a lot more hungry.
You barely miss Ijyb. You slash Ijyb!
Ijyb is heavily wounded.
Ijyb hits you but does no damage.
You barely miss Ijyb.
Ijyb is heavily wounded.
Ijyb zaps a wand.
The puff of flame hits you!
It is a wand of flame (22).
You slash Ijyb!
Ijyb is almost dead.
You barely miss Ijyb.
Ijyb is almost dead.
Ijyb zaps a wand.
The puff of flame hits you!
* * * LOW HITPOINT WARNING * * *
You barely miss Ijyb.
Ijyb is almost dead.
Ijyb zaps a wand.
The puff of flame hits you!
You die...

#...####..######
#.<............#
#.#.####..####.#
#.#.####..# #.#
#.....##..# #.#
#.###.##..# #.# #.
#.....# #.# #. #...#.#
#.# #.........# #@#
#.##.#..######g####..##
#.#..# #...........
#.#..##...........##
#.#...............g.
#.###.#...$####.##
#.#....# # # ......
.......


You could see Ijyb.

Vanquished Creatures
  A dart slug (D:1)
  An orc (D:3)
  A giant cockroach (D:3)
  A hobgoblin (D:2)
  A kobold (D:2)
  A leopard gecko skeleton (D:4)
6 creatures vanquished.

Notes
Turn   | Place    | Note
-------+----------+-------------------------------------------
     0 | D:1      | Mgcat the Hill Orc Berserker began the quest for the Orb.
     0 | D:1      | Reached XP level 1. HP: 19/19 MP: 1/1
   115 | D:3      | Reached XP level 2. HP: 20/26 MP: 2/2
   169 | D:4      | Noticed Ijyb
   182 | D:4      | Killed from afar by Ijyb

Vault maps used:
D:1:      dpeg_arrival_water_temple_mockup
D:2:      lemuel_blue_sif_altar, okawaru_trees_1
D:3:      kennysheep_six_static_rooms, first_ration, minmay_joined_circles
D:4:      fedhas_altar_1, uniq_ijyb

Action                   || total
-------------------------++-------
Melee: Hand axe          ||    30
Invok: Berserk           ||     1
Armor: Animal skin       ||     2
Dodge: Dodged            ||    14

Table legend:
 A = Spawn XP
 B = Non-spawn XP
 C = Spawn XP percentage of total XP
 D = Spawn monster count
 E = Non-spawn monster count
 F = Spawn count percentage of total count
 G = Total turns spent on level
                    A         B        C        D         E        F      G
               +---------+---------+-------+---------+---------+-------+---------
         Total |       0 |      14 |   0.0 |       0 |       6 |   0.0 |   182
               +---------+---------+-------+---------+---------+-------+---------
           D:1 |       0 |       4 |   0.0 |       0 |       1 |   0.0 |    55
           D:2 |       0 |       4 |   0.0 |       0 |       2 |   0.0 |    47
           D:3 |       0 |       5 |   0.0 |       0 |       2 |   0.0 |    33
           D:4 |       0 |       1 |   0.0 |       0 |       1 |   0.0 |    47
               +---------+---------+-------+---------+---------+-------+---------

Vault maps used:
D:1:      dpeg_arrival_water_temple_mockup
D:2:      lemuel_blue_sif_altar, okawaru_trees_1
D:3:      kennysheep_six_static_rooms, first_ration, minmay_joined_circles
D:4:      fedhas_altar_1, uniq_ijyb

Table legend:
 A = Turns spent in this place as a percentage of turns spent in the entire game.
 B = Non-inter-level travel turns spent in this place as a percentage of non-inter-level travel turns spent in the entire game.
 C = Inter-level travel turns spent in this place as a percentage of turns spent in this place.
 D = Turns resting spent in this place as a percentage of non-inter-level travel turns spent in this place.
 E = Turns spent auto-exploring this place as a percentage of non-inter-level travel turns spent in this place.
 F = Non-inter-level travel turns spent in this place divided by the number of levels of this place that you've seen.
                   A       B       C       D       E      F
               +-------+-------+-------+-------+-------+----------------------
         Total | 100.0 | 100.0 |   0.0 |   2.7 |  53.8 |  45.5
       Dungeon | 100.0 | 100.0 |   0.0 |   2.7 |  53.8 |  45.5
               +-------+-------+-------+-------+-------+----------------------

Table legend:
 A = Kills in this place as a percentage of kills in entire the game.
 B = Kills by you in this place as a percentage of kills by you in the entire game.
 C = Kills by friends in this place as a percentage of kills by friends in the entire game.
 D = Other kills in this place as a percentage of other kills in the entire game.
 E = Experience gained in this place as a percentage of experience gained in the entire game.
 F = Experience gained in this place divided by the number of levels of this place that you have seen.
                   A       B       C       D       E      F
               +-------+-------+-------+-------+-------+----------------------
         Total | 100.0 | 100.0 |   N/A |   N/A | 100.0 |   3.5
       Dungeon | 100.0 | 100.0 |   N/A |   N/A | 100.0 |   3.5
               +-------+-------+-------+-------+-------+----------------------
